TOP OF THE 1ST |
Las Vegas Flamingos batting - Pitching for New Orleans Voodoo : LHP Myles Wilkerson
|
Pitching: LHP Myles Wilkerson
|
|
Batting: RHB Sake van Arem
|
0-0: Ball 1-0: Called Strike 1-1: Ball 2-1: Fly out, F9 (Flyball, 9LS)
|
Batting: LHB Victor Adams
|
0-0: DOUBLE (Line Drive, 89XD)
|
Batting: LHB Job Pels
|
0-0: Foul Ball, location: 2F 0-1: Swinging Strike 0-2: Ball 1-2: Ball 2-2: Strikes out swinging
|
Batting: LHB Ruud van Ineveld
|
0-0: Called Strike 0-1: Ball 1-1: Fly out, F4 (Popup, 4S)
|
Top of the 1st over - 0 runs, 1 hit, 0 errors, 1 left on base; Las Vegas 0 - New Orleans 0 |
BOTTOM OF THE 1ST |
New Orleans Voodoo batting - Pitching for Las Vegas Flamingos : RHP Toddster Gordo
|
Pitching: RHP Toddster Gordo
|
|
Batting: RHB Rafael Arredondo
|
0-0: Ground out 5-3 (Groundball, 56)
|
Batting: LHB William O'Keefe
|
0-0: Called Strike 0-1: Fly out, F9 (Flyball, 89S)
|
Batting: RHB Mario Álvarez
|
0-0: Foul Ball, location: 2F 0-1: Ground out 5-3 (Groundball, 56S)
|
Bottom of the 1st over - 0 runs, 0 hits, 0 errors, 0 left on base; Las Vegas 0 - New Orleans 0 |
TOP OF THE 2ND |
Las Vegas Flamingos batting - Pitching for New Orleans Voodoo : LHP Myles Wilkerson
|
Batting: RHB Sergio Ortíz
|
0-0: Called Strike 0-1: SOLO HOME RUN (Flyball, 7D), Distance : 356 ft
|
Batting: RHB Rodney Usry
|
0-0: Ball 1-0: Ball 2-0: Ball 3-0: Foul Ball, location: 2F 3-1: Swinging Strike 3-2: Strikes out swinging
|
Batting: SHB Glyn Bolasky
|
0-0: Ball 1-0: Foul Ball, location: 2F 1-1: Ground out U3 (Groundball, 34)
|
Batting: LHB José Alonso
|
0-0: DOUBLE (Flyball, 7LD)
|
Batting: SHB Wilbert Carter
|
0-0: Ball 1-0: Called Strike 1-1: Ball 2-1: Foul Ball, location: 2F 2-2: Ball 3-2: Ground out 4-3 (Groundball, 4S)
|
Top of the 2nd over - 1 run, 2 hits, 0 errors, 1 left on base; Las Vegas 1 - New Orleans 0 |
BOTTOM OF THE 2ND |
New Orleans Voodoo batting - Pitching for Las Vegas Flamingos : RHP Toddster Gordo
|
Batting: RHB Claudio Tappen
|
0-0: Swinging Strike 0-1: Ball 1-1: Ground out U3 (Groundball, 34)
|
Batting: RHB Griffin Woodfinlevine
|
0-0: Called Strike 0-1: Fly out, F5 (Line Drive, 5L)
|
Batting: RHB António Pérez
|
0-0: Ball 1-0: Swinging Strike 1-1: Fly out, F9 (Flyball, 9LD)
|
Bottom of the 2nd over - 0 runs, 0 hits, 0 errors, 0 left on base; Las Vegas 1 - New Orleans 0 |
TOP OF THE 3RD |
Las Vegas Flamingos batting - Pitching for New Orleans Voodoo : LHP Myles Wilkerson
|
Batting: RHB Sake van Arem
|
0-0: Ball 1-0: Ball 2-0: Ball 3-0: Called Strike 3-1: Foul Ball, location: 2F 3-2: Foul Ball, location: 2F 3-2: Foul Ball, location: 2F 3-2: Ground out U3 (Groundball, 34S)
|
Batting: LHB Victor Adams
|
0-0: Called Strike 0-1: Fly out, F7 (Flyball, 7LM)
|
Batting: LHB Job Pels
|
0-0: Ball 1-0: Ground out 4-3 (Groundball, 4)
|
Top of the 3rd over - 0 runs, 0 hits, 0 errors, 0 left on base; Las Vegas 1 - New Orleans 0 |
BOTTOM OF THE 3RD |
New Orleans Voodoo batting - Pitching for Las Vegas Flamingos : RHP Toddster Gordo
|
Batting: SHB Zuberi Mccray
|
0-0: Ball 1-0: Foul Ball, location: 2F 1-1: Reached via error on a dropped throw, E1
|
Batting: RHB Arnold Giroux
|
0-0: Called Strike 0-1: Ball 1-1: Called Strike 1-2: Ball 2-2: Strikes out swinging
|
Batting: RHB Orlando Velásquez
|
0-0: Ball 1-0: Foul Ball, location: 2F 1-1: Ball 2-1: SINGLE (Line Drive, 56D) Zuberi Mccray to second
|
Batting: RHB Rafael Arredondo
|
0-0: Ball 1-0: Called Strike 1-1: Foul Ball, location: 2F 1-2: Foul Ball, location: 2F 1-2: Foul Ball, location: 2F 1-2: SINGLE (Flyball, 9S) Zuberi Mccray to third Orlando Velásquez to second
|
Batting: LHB William O'Keefe
|
0-0: GRAND SLAM HOME RUN (Line Drive, 89XD), Distance : 377 ft
|
Batting: RHB Mario Álvarez
|
0-0: Ground out 6-3 (Groundball, 6)
|
Batting: RHB Claudio Tappen
|
0-0: Called Strike 0-1: Called Strike 0-2: Strikes out looking
|
Bottom of the 3rd over - 4 runs, 3 hits, 1 error, 0 left on base; Las Vegas 1 - New Orleans 4 |
TOP OF THE 4TH |
Las Vegas Flamingos batting - Pitching for New Orleans Voodoo : LHP Myles Wilkerson
|
Batting: LHB Ruud van Ineveld
|
0-0: Ground out 3-1 (Groundball, 34S)
|
Batting: RHB Sergio Ortíz
|
0-0: Swinging Strike 0-1: Ball 1-1: Ball 2-1: Fly out, F6 (Popup, 6MS)
|
Batting: RHB Rodney Usry
|
0-0: Called Strike 0-1: Ground out 5-3 (Groundball, 56S)
|
Top of the 4th over - 0 runs, 0 hits, 0 errors, 0 left on base; Las Vegas 1 - New Orleans 4 |
BOTTOM OF THE 4TH |
New Orleans Voodoo batting - Pitching for Las Vegas Flamingos : RHP Toddster Gordo
|
Batting: RHB Griffin Woodfinlevine
|
0-0: Called Strike 0-1: Fly out, F7 (Flyball, 7LMF)
|
Batting: RHB António Pérez
|
0-0: Called Strike 0-1: Ground out 5-3 (Groundball, 5)
|
Batting: SHB Zuberi Mccray
|
0-0: Fly out, F9 (Flyball, 9S)
|
Bottom of the 4th over - 0 runs, 0 hits, 0 errors, 0 left on base; Las Vegas 1 - New Orleans 4 |
TOP OF THE 5TH |
Las Vegas Flamingos batting - Pitching for New Orleans Voodoo : LHP Myles Wilkerson
|
Batting: SHB Glyn Bolasky
|
0-0: Ball 1-0: Fly out, F8 (Flyball, 8LM)
|
Batting: LHB José Alonso
|
0-0: Ball 1-0: Ground out 4-3 (Groundball, 4)
|
Batting: SHB Wilbert Carter
|
0-0: Called Strike 0-1: Ball 1-1: Ball 2-1: Swinging Strike 2-2: Ball 3-2: Strikes out swinging
|
Top of the 5th over - 0 runs, 0 hits, 0 errors, 0 left on base; Las Vegas 1 - New Orleans 4 |
BOTTOM OF THE 5TH |
New Orleans Voodoo batting - Pitching for Las Vegas Flamingos : RHP Toddster Gordo
|
Batting: RHB Arnold Giroux
|
0-0: Called Strike 0-1: Ball 1-1: Swinging Strike 1-2: Foul Ball, location: 2F 1-2: Ball 2-2: Foul Ball, location: 2F 2-2: Strikes out looking
|
Batting: RHB Orlando Velásquez
|
0-0: Swinging Strike 0-1: Swinging Strike 0-2: Ball 1-2: Foul Ball, location: 2F 1-2: Ball 2-2: Strikes out swinging
|
Batting: RHB Rafael Arredondo
|
0-0: Ball 1-0: Foul Ball, location: 2F 1-1: Ball 2-1: Foul Ball, location: 2F 2-2: Strikes out looking
|
Bottom of the 5th over - 0 runs, 0 hits, 0 errors, 0 left on base; Las Vegas 1 - New Orleans 4 |
TOP OF THE 6TH |
Las Vegas Flamingos batting - Pitching for New Orleans Voodoo : LHP Myles Wilkerson
|
Batting: RHB Sake van Arem
|
0-0: Called Strike 0-1: Ball 1-1: Ball 2-1: SINGLE (Groundball, 34D)
|
Batting: LHB Victor Adams
|
0-0: Ball 1-0: Called Strike 1-1: DOUBLE (Line Drive, 89M) Sake van Arem to third
|
Batting: LHB Job Pels
|
0-0: Ball 1-0: Ball 2-0: Called Strike 2-1: Foul Ball, location: 2F 2-2: Ball 3-2: TRIPLE (Line Drive, 78D) Sake van Arem scores Victor Adams scores
|
Batting: LHB Ruud van Ineveld
|
0-0: Called Strike 0-1: Ball 1-1: Foul Ball, location: 2F 1-2: Ball 2-2: Ground out 4-3 (Groundball, 4S)
|
Batting: RHB Sergio Ortíz
|
0-0: Ball 1-0: Ball 2-0: Called Strike 2-1: Ball 3-1: Base on Balls
|
Batting: RHB Rodney Usry
|
0-0: Ball 1-0: Swinging Strike 1-1: Called Strike 1-2: Ball 2-2: Strikes out swinging
|
Batting: SHB Glyn Bolasky
|
0-0: Ball 1-0: Ball 2-0: Ball 3-0: Called Strike 3-1: Fly out, F9 (Flyball, 9D)
|
Top of the 6th over - 2 runs, 3 hits, 0 errors, 2 left on base; Las Vegas 3 - New Orleans 4 |
BOTTOM OF THE 6TH |
New Orleans Voodoo batting - Pitching for Las Vegas Flamingos : RHP Toddster Gordo
|
Batting: LHB William O'Keefe
|
0-0: Ball 1-0: Called Strike 1-1: Fly out, F9 (Flyball, 9D)
|
Batting: RHB Mario Álvarez
|
0-0: Ground out 5-3 (Groundball, 56S)
|
Batting: RHB Claudio Tappen
|
0-0: Swinging Strike 0-1: Swinging Strike 0-2: Fly out, F8 (Flyball, 8LD)
|
Bottom of the 6th over - 0 runs, 0 hits, 0 errors, 0 left on base; Las Vegas 3 - New Orleans 4 |
TOP OF THE 7TH |
Las Vegas Flamingos batting - Pitching for New Orleans Voodoo : LHP Myles Wilkerson
|
Batting: LHB José Alonso
|
0-0: Ball 1-0: Ball 2-0: Foul Ball, location: 2F 2-1: Swinging Strike 2-2: Ground out 3-1 (Groundball, 34S)
|
Batting: SHB Wilbert Carter
|
0-0: Ball 1-0: Called Strike 1-1: Ground out 6-3 (Groundball, 6)
|
Batting: RHB Sake van Arem
|
0-0: Called Strike 0-1: Ball 1-1: Ball 2-1: Ball 3-1: Swinging Strike 3-2: SINGLE (Groundball, 6MD)
|
Pitching: LHP Miguel Toro
|
|
Batting: LHB Victor Adams
|
0-0: Ball Sake van Arem steals 2nd base 1-0: Ground out 5-3 (Groundball, 56)
|
Top of the 7th over - 0 runs, 1 hit, 0 errors, 1 left on base; Las Vegas 3 - New Orleans 4 |
BOTTOM OF THE 7TH |
New Orleans Voodoo batting - Pitching for Las Vegas Flamingos : RHP Toddster Gordo
|
Batting: RHB Griffin Woodfinlevine
|
0-0: Ball 1-0: Swinging Strike 1-1: DOUBLE (Line Drive, 8LD)
|
Batting: RHB António Pérez
|
0-0: Called Strike 0-1: 2-RUN HOME RUN (Flyball, 7LD), Distance : 344 ft
|
Pitching: RHP Jack Carr
|
|
Batting: SHB Zuberi Mccray
|
0-0: Ball 1-0: Ball 2-0: Ball 3-0: Base on Balls
|
Batting: RHB Arnold Giroux
|
0-0: Bunted foul 0-1: Bunt missed! 0-2: Foul Ball, location: 2F 0-2: Hit by Pitch Zuberi Mccray to second
|
Batting: RHB Orlando Velásquez
|
0-0: Sac Bunt - play at first, batter OUT! U3 Zuberi Mccray to third Arnold Giroux to second
|
Batting: RHB Rafael Arredondo
|
0-0: Fly out, F9 (Flyball, 9LDF) Runner from 3rd tags up, SCORES, no throw
|
Batting: LHB William O'Keefe
|
0-0: Ball 1-0: Called Strike 1-1: Called Strike 1-2: Fly out, F9 (Flyball, 9S)
|
Bottom of the 7th over - 3 runs, 2 hits, 0 errors, 1 left on base; Las Vegas 3 - New Orleans 7 |
TOP OF THE 8TH |
Las Vegas Flamingos batting - Pitching for New Orleans Voodoo : LHP Miguel Toro
|
Batting: LHB Job Pels
|
0-0: Called Strike 0-1: Swinging Strike 0-2: Strikes out swinging
|
Batting: LHB Ruud van Ineveld
|
0-0: Ball 1-0: Foul Ball, location: 2F 1-1: Ground out U3 (Groundball, 3)
|
Batting: RHB Sergio Ortíz
|
0-0: Foul Ball, location: 2F 0-1: Ball 1-1: Called Strike 1-2: Ball 2-2: Strikes out swinging
|
Top of the 8th over - 0 runs, 0 hits, 0 errors, 0 left on base; Las Vegas 3 - New Orleans 7 |
BOTTOM OF THE 8TH |
New Orleans Voodoo batting - Pitching for Las Vegas Flamingos : RHP Jack Carr
|
Batting: RHB Mario Álvarez
|
0-0: Called Strike 0-1: Fly out, F2 (Popup, 13S)
|
Batting: RHB Claudio Tappen
|
0-0: Ball 1-0: Foul Ball, location: 2F 1-1: Ball 2-1: Ball 3-1: Foul Ball, location: 2F 3-2: Base on Balls
|
Batting: RHB Griffin Woodfinlevine
|
0-0: Ball 1-0: Ball 2-0: Called Strike 2-1: Ball 3-1: Fly out, F6 (Popup, 6MD)
|
Batting: RHB António Pérez
|
0-0: Ball Claudio Tappen steals 2nd base 1-0: Called Strike 1-1: Ball 2-1: Ball 3-1: SINGLE (Line Drive, 6) Claudio Tappen to third Runner from 3rd tries for Home, SAFE, no throw
|
Batting: SHB Zuberi Mccray
|
0-0: Called Strike 0-1: Foul Ball, location: 2F 0-2: Fly out, F9 (Flyball, 89S)
|
Bottom of the 8th over - 1 run, 1 hit, 0 errors, 1 left on base; Las Vegas 3 - New Orleans 8 |
TOP OF THE 9TH |
Las Vegas Flamingos batting - Pitching for New Orleans Voodoo : LHP Miguel Toro
|
Batting: RHB Rodney Usry
|
0-0: Swinging Strike 0-1: Ball 1-1: Called Strike 1-2: Strikes out swinging
|
Batting: SHB Glyn Bolasky
|
0-0: Ball 1-0: Swinging Strike 1-1: Foul Ball, location: 2F 1-2: Fly out, F3 (Line Drive, 3)
|
Batting: LHB José Alonso
|
0-0: Called Strike 0-1: Ball 1-1: Ball 2-1: Ball 3-1: Base on Balls
|
Batting: SHB Wilbert Carter
|
0-0: Ball 1-0: Called Strike 1-1: Ball 2-1: Foul Ball, location: 2F 2-2: Foul Ball, location: 2F 2-2: Strikes out swinging
|
Top of the 9th over - 0 runs, 0 hits, 0 errors, 1 left on base; Las Vegas 3 - New Orleans 8 |
|